cohdb
Replays
Latest Replays
All Replays
Popular Replays
Top Player Replays
Match Explorer
How It Works
Community
CoH3 Stats
Reddit
Sign in to upload your games and track your stats! →
Sign in with Steam
Match 47403016
Unlisted
Match 47403016
Overview
Messages
Build Orders
End
Construct Infanterie Kompanie
Selects Luftwaffe Battlegroup
Grenadier Squad
MG 42 Machine Gun Team
GrW 34 Mortar Team
Grenadier Squad
Construct Panzergrenadier Kompanie
Panzergrenadier Officer Quarters
Selects Stuka Strafing Run
Panzergrenadier Squad
Panzergrenadier Squad
Stuka Strafing Run
Pak 40 Anti-tank Gun Team
Selects Luftwaffe Pioneer Support
Selects LG40 Recoilless Gun Paradrop
LG40 Recoilless Gun Paradrop
Support Elements
Stuka Strafing Run
Medical Station
Nebelwerfer 42 Rocket Launcher Team
Stuka Strafing Run
Pak 40 Anti-tank Gun Team
Phan
kamacura
moemoe
Green Sea Squash
for the .....
Hareun
디카페인도좋아
cheez931
0
0
Comments
sign in to comment!
No comments posted yet!